APP
BILLINGS MUSTANGS @ DANVILLE BRAVES
07/24/2047
 
TOP OF THE 1ST
Billings Mustangs batting - Pitching for Danville Braves : RHP Rick Grenfell
Pitching: RHP Rick Grenfell
Batting: RHB Alex de Leon 0-0: Called Strike
0-1: Ball
1-1: Ball
2-1: Called Strike
2-2: Strikes out swinging
Batting: RHB Ji-an See-to 0-0: Swinging Strike
0-1: Ball
1-1: Ball
2-1: Called Strike
2-2: Foul Ball, location: 2F
2-2: Foul Ball, location: 2F
2-2: Strikes out swinging
Batting: SHB David Garnica 0-0: Ball
1-0: SOLO HOME RUN (Flyball, 9D, EV 98.1 MPH), Distance : 357 ft
Batting: LHB Jeremy Robertson 0-0: Ball
1-0: Ball
2-0: Called Strike
2-1: Ball
3-1: Base on Balls
Batting: RHB Chris Christaldi 0-0: Called Strike
0-1: Ball
Jeremy Robertson steals 2nd base
1-1: Ball
2-1: Foul Ball, location: 2F
2-2: Fly out, F8 (Flyball, 8RD, EV 98.8 MPH)
Top of the 1st over - 1 run, 1 hit, 0 errors, 1 left on base; Billings 1 - Danville 0
BOTTOM OF THE 1ST
Danville Braves batting - Pitching for Billings Mustangs : RHP Narciso Umbelino
Pitching: RHP Narciso Umbelino
Batting: RHB Chris Trites 0-0: Ball
1-0: Ball
2-0: Ball
3-0: Called Strike
3-1: Foul Ball, location: 2F
3-2: Base on Balls
Batting: RHB Tony Cabrera 0-0: Called Strike
0-1: Ball
1-1: Ball
2-1: Ball
3-1: Called Strike
3-2: Foul Ball, location: 2F
3-2: Base on Balls
Chris Trites to second
Batting: LHB Ricardo Sandoval 0-0: Called Strike
0-1: Ball
1-1: Ball
2-1: Foul Ball, location: 2F
2-2: Ball
3-2: Foul Ball, location: 2F
3-2: Fly out, F9 (Line Drive, 9, EV 95.6 MPH)
Batting: LHB Andres Aldape 0-0: Ball
Chris Trites steals 3rd base
1-0: Called Strike
Tony Cabrera is caught stealing 2nd base 2-6
1-1: Foul Ball, location: 2F
1-2: Strikes out looking
Bottom of the 1st over - 0 runs, 0 hits, 0 errors, 1 left on base; Billings 1 - Danville 0
TOP OF THE 2ND
Billings Mustangs batting - Pitching for Danville Braves : RHP Rick Grenfell
Batting: RHB Jamie Broadhurst 0-0: Ball
1-0: Swinging Strike
1-1: Ground out 6-3 (Groundball, P, EV 87.5 MPH)
Batting: RHB Cortez Restrepo 0-0: Called Strike
0-1: Foul Ball, location: 2F
0-2: Strikes out swinging
Batting: RHB Emanuel Estrada 0-0: Called Strike
0-1: Ball
1-1: Ground out 4-3 (Groundball, 4, EV 82.5 MPH)
Top of the 2nd over - 0 runs, 0 hits, 0 errors, 0 left on base; Billings 1 - Danville 0
BOTTOM OF THE 2ND
Danville Braves batting - Pitching for Billings Mustangs : RHP Narciso Umbelino
Batting: RHB Manny Hensley 0-0: Ball
1-0: Foul Ball, location: 2F
1-1: Ball
2-1: Ball
3-1: Swinging Strike
3-2: Foul Ball, location: 2F
3-2: Fly out, F9 (Flyball, 9D, EV 77.5 MPH)
Batting: SHB Karl Starnes 0-0: Swinging Strike
0-1: Called Strike
0-2: Ball
1-2: Ball
2-2: Foul Ball, location: 2F
2-2: Ball
3-2: SINGLE (Groundball, 6D, EV 97.5 MPH)
Batting: LHB Mitsujiro Tanaka 0-0: Called Strike
0-1: Ball
Karl Starnes steals 2nd base
1-1: Foul Ball, location: 2F
1-2: Strikes out looking
Batting: LHB Diego Garcia 0-0: Ball
1-0: Ball
2-0: Ball
3-0: Called Strike
3-1: Foul Ball, location: 2F
3-2: Foul Ball, location: 2F
3-2: Strikes out swinging
Bottom of the 2nd over - 0 runs, 1 hit, 0 errors, 1 left on base; Billings 1 - Danville 0
TOP OF THE 3RD
Billings Mustangs batting - Pitching for Danville Braves : RHP Rick Grenfell
Batting: LHB Gabe Morales 0-0: Called Strike
0-1: Foul Ball, location: 2F
0-2: Strikes out swinging
Batting: RHB Alex de Leon 0-0: Ball
1-0: Swinging Strike
1-1: Ground out 5-3 (Groundball, 56S, EV 88.1 MPH)
Batting: RHB Ji-an See-to 0-0: Ball
1-0: Fly out, F8 (Flyball, 8LD, EV 100.0 MPH)
Top of the 3rd over - 0 runs, 0 hits, 0 errors, 0 left on base; Billings 1 - Danville 0
BOTTOM OF THE 3RD
Danville Braves batting - Pitching for Billings Mustangs : RHP Narciso Umbelino
Batting: RHB Rodolfo Cosme 0-0: Swinging Strike
0-1: Ball
1-1: Ball
2-1: Foul Ball, location: 2F
2-2: Ball
3-2: Strikes out looking
Batting: RHB Chris Trites 0-0: Ball
1-0: Ball
2-0: Fly out, F6 (Popup, 56, EV 64.4 MPH)
Batting: RHB Tony Cabrera 0-0: Called Strike
0-1: Ball
1-1: Ball
2-1: Foul Ball, location: 2F
2-2: Foul Ball, location: 2F
2-2: Ball
3-2: Foul Ball, location: 2F
3-2: Foul Ball, location: 2F
3-2: Foul Ball, location: 2F
3-2: Ground out 6-3 (Groundball, 6, EV 105.0 MPH)
Bottom of the 3rd over - 0 runs, 0 hits, 0 errors, 0 left on base; Billings 1 - Danville 0
TOP OF THE 4TH
Billings Mustangs batting - Pitching for Danville Braves : RHP Rick Grenfell
Batting: SHB David Garnica 0-0: Ball
1-0: Swinging Strike
1-1: Ground out 5-3 (Groundball, 56, EV 103.8 MPH)
Batting: LHB Jeremy Robertson 0-0: Ball
1-0: Fly out, F8 (Line Drive, 8RM, EV 95.6 MPH)
Batting: RHB Chris Christaldi 0-0: Called Strike
0-1: Foul Ball, location: 2F
0-2: Ball
1-2: Ball
2-2: Ball
3-2: Fly out, F8 (Line Drive, 8LS, EV 87.5 MPH)
Top of the 4th over - 0 runs, 0 hits, 0 errors, 0 left on base; Billings 1 - Danville 0
BOTTOM OF THE 4TH
Danville Braves batting - Pitching for Billings Mustangs : RHP Narciso Umbelino
Batting: LHB Ricardo Sandoval 0-0: Called Strike
0-1: Ball
1-1: Ball
2-1: Ball
3-1: Base on Balls
Batting: LHB Andres Aldape 0-0: Ball
1-0: Called Strike
Ricardo Sandoval steals 2nd base
1-1: Foul Ball, location: 2F
1-2: Ball
2-2: Fly out, F9 (Flyball, 89M, EV 90.0 MPH)
Batting: RHB Manny Hensley 0-0: Called Strike
0-1: Ball
1-1: Ball
2-1: Foul Ball, location: 2F
2-2: Strikes out swinging
Batting: SHB Karl Starnes 0-0: Ball
Wild Pitch!
Ricardo Sandoval to third
1-0: Foul Ball, location: 2F
1-1: Ball
2-1: Ball
3-1: Foul Ball, location: 2F
3-2: Foul Ball, location: 2F
3-2: Foul Ball, location: 2F
3-2: Foul Ball, location: 2F
3-2: Strikes out swinging
Bottom of the 4th over - 0 runs, 0 hits, 0 errors, 1 left on base; Billings 1 - Danville 0
TOP OF THE 5TH
Billings Mustangs batting - Pitching for Danville Braves : RHP Rick Grenfell
Batting: RHB Jamie Broadhurst 0-0: Ball
1-0: Ball
2-0: SOLO HOME RUN (Flyball, 7D, EV 94.4 MPH), Distance : 360 ft
Batting: RHB Cortez Restrepo 0-0: Called Strike
0-1: Ball
1-1: Called Strike
1-2: Strikes out swinging
Batting: RHB Emanuel Estrada 0-0: Foul Ball, location: 2F
0-1: Swinging Strike
0-2: Ball
1-2: Strikes out swinging
Batting: LHB Gabe Morales 0-0: Ball
1-0: Ball
2-0: Swinging Strike
2-1: Ball
3-1: Foul Ball, location: 2F
3-2: Base on Balls
Batting: RHB Alex de Leon 0-0: Called Strike
0-1: Ball
1-1: Swinging Strike
1-2: Ball
Gabe Morales steals 2nd, throwing error, E2
Gabe Morales to third
2-2: Ball
3-2: Foul Ball, location: 2F
3-2: Fly out, F9 (Flyball, 9LSF, EV 96.2 MPH)
Top of the 5th over - 1 run, 1 hit, 1 error, 1 left on base; Billings 2 - Danville 0
BOTTOM OF THE 5TH
Danville Braves batting - Pitching for Billings Mustangs : RHP Narciso Umbelino
Batting: LHB Mitsujiro Tanaka 0-0: Hit by Pitch
Batting: LHB Diego Garcia 0-0: Ball
Mitsujiro Tanaka is caught stealing 2nd base 2-6
1-0: Foul Ball, location: 2F
1-1: Called Strike
1-2: Ball
2-2: Foul Ball, location: 2F
2-2: Ball
3-2: Strikes out looking
Batting: RHB Rodolfo Cosme 0-0: Foul Ball, location: 2F
0-1: Ball
1-1: Ground out 6-3 (Groundball, 6, EV 98.1 MPH)
Bottom of the 5th over - 0 runs, 0 hits, 0 errors, 0 left on base; Billings 2 - Danville 0
TOP OF THE 6TH
Billings Mustangs batting - Pitching for Danville Braves : RHP Rick Grenfell
Batting: RHB Ji-an See-to 0-0: Ball
1-0: Ball
2-0: Swinging Strike
2-1: Ball
3-1: Foul Ball, location: 2F
3-2: Base on Balls
Batting: SHB David Garnica 0-0: Called Strike
0-1: Ball
1-1: Ball
2-1: Swinging Strike
2-2: Grounds into double play, 6-4-3 (Groundball, 6, EV 84.4 MPH)
Batting: LHB Jeremy Robertson 0-0: Ball
1-0: Ball
2-0: SOLO HOME RUN (Flyball, 9D, EV 94.4 MPH), Distance : 335 ft
Batting: RHB Chris Christaldi 0-0: Fly out, F7 (Flyball, 78S, EV 88.8 MPH)
Top of the 6th over - 1 run, 1 hit, 0 errors, 0 left on base; Billings 3 - Danville 0
BOTTOM OF THE 6TH
Danville Braves batting - Pitching for Billings Mustangs : RHP Narciso Umbelino
Batting: RHB Chris Trites 0-0: Foul Ball, location: 2F
0-1: Ball
1-1: Ball
2-1: Ball
3-1: Foul Ball, location: 2F
3-2: Base on Balls
Pitching: RHP Cory Fischer
Batting: RHB Tony Cabrera 0-0: Ball
1-0: Called Strike
1-1: Ball
2-1: Fielders Choice at 2nd, 4-6 (Groundball, 4, EV 91.9 MPH)
Batting: LHB Ricardo Sandoval 0-0: Ball
1-0: Fly out, F4 (Popup, 4, EV 62.5 MPH)
Batting: LHB Andres Aldape 0-0: Ball
1-0: Reached on error, E6 (Groundball, 4M, EV 80.0 MPH)
Tony Cabrera to second
Batting: RHB Manny Hensley 0-0: Ball
1-0: Ball
2-0: Ball
3-0: Called Strike
3-1: Called Strike
3-2: 3-RUN HOME RUN (Flyball, 78XD, EV 108.1 MPH), Distance : 402 ft
Batting: SHB Karl Starnes 0-0: Foul Ball, location: 2F
0-1: Ball
1-1: Ball
2-1: Foul Ball, location: 2F
2-2: Strikes out swinging
Bottom of the 6th over - 3 runs, 1 hit, 1 error, 0 left on base; Billings 3 - Danville 3
TOP OF THE 7TH
Billings Mustangs batting - Pitching for Danville Braves : RHP Rick Grenfell
Batting: RHB Jamie Broadhurst 0-0: Ball
1-0: Ground out 6-3 (Groundball, 6M, EV 90.6 MPH)
Batting: RHB Cortez Restrepo 0-0: Foul Ball, location: 2F
0-1: Ball
1-1: Foul Ball, location: 2F
1-2: Ball
2-2: Fly out, F7 (Flyball, 7S, EV 84.4 MPH)
Batting: RHB Emanuel Estrada 0-0: Called Strike
0-1: Swinging Strike
0-2: Ground out 5-3 (Groundball, 56, EV 86.2 MPH)
Top of the 7th over - 0 runs, 0 hits, 0 errors, 0 left on base; Billings 3 - Danville 3
BOTTOM OF THE 7TH
Danville Braves batting - Pitching for Billings Mustangs : RHP Cory Fischer
Batting: LHB Mitsujiro Tanaka 0-0: Called Strike
0-1: Called Strike
0-2: Foul Ball, location: 2F
0-2: Ball
1-2: Ball
2-2: Ball
3-2: Foul Ball, location: 2F
3-2: Base on Balls
Batting: LHB Diego Garcia 0-0: Called Strike
0-1: Ball
1-1: Bunted foul
1-2: Fly out, F5 (Popup, 56S, EV 49.4 MPH)
Batting: RHB Rodolfo Cosme 0-0: Ball
1-0: Ball
2-0: Called Strike
2-1: Foul Ball, location: 2F
2-2: Foul Ball, location: 2F
2-2: Ground out 4-3 (Groundball, 34, EV 83.1 MPH)
Mitsujiro Tanaka to second
Batting: RHB Chris Trites 0-0: Ball
Wild Pitch!
Mitsujiro Tanaka to third
1-0: Swinging Strike
1-1: Ball
2-1: Ball
3-1: Fly out, F9 (Flyball, 89S, EV 90.6 MPH)
Bottom of the 7th over - 0 runs, 0 hits, 0 errors, 1 left on base; Billings 3 - Danville 3
TOP OF THE 8TH
Billings Mustangs batting - Pitching for Danville Braves : RHP Rick Grenfell
Batting: LHB Gabe Morales 0-0: Ball
1-0: Ball
2-0: Ball
3-0: Called Strike
3-1: Called Strike
3-2: Foul Ball, location: 2F
3-2: Strikes out swinging
Pitching: RHP Jessie Mattei
Batting: RHB Alex de Leon 0-0: Ball
1-0: Called Strike
1-1: Swinging Strike
1-2: Ball
2-2: Ball
3-2: Strikes out looking
Pinch Hitting: RHB Andy Bachman 0-0: Ball
1-0: Ball
2-0: Ground out 4-3 (Groundball, 4, EV 103.8 MPH)
Top of the 8th over - 0 runs, 0 hits, 0 errors, 0 left on base; Billings 3 - Danville 3
BOTTOM OF THE 8TH
Danville Braves batting - Pitching for Billings Mustangs : RHP Cory Fischer
Now at 1B: Alex Vazquez
Batting: RHB Tony Cabrera 0-0: Ball
1-0: Foul Ball, location: 2F
1-1: Ground out 1-3 (Groundball, 15S, EV 71.9 MPH)
Batting: LHB Ricardo Sandoval 0-0: Ball
1-0: Called Strike
1-1: Ball
2-1: Ball
3-1: SINGLE (Line Drive, 4MD, EV 96.9 MPH)
Pitching: LHP Gabe Alcantara
Pinch Hitting: RHB Richard Saquic 0-0: Ball
1-0: Ball
Ricardo Sandoval steals 2nd base
2-0: Called Strike
2-1: Swinging Strike
2-2: Foul Ball, location: 2F
2-2: Strikes out looking
Pitching: RHP Matt Knowles
Batting: RHB Manny Hensley 0-0: Called Strike
0-1: Foul Ball, location: 2F
0-2: Ball
1-2: Fly out, F8 (Flyball, 8LXD, EV 96.2 MPH)
Bottom of the 8th over - 0 runs, 1 hit, 0 errors, 1 left on base; Billings 3 - Danville 3
TOP OF THE 9TH
Billings Mustangs batting - Pitching for Danville Braves : RHP Jessie Mattei
Now at C: Roman Lauder
Batting: SHB David Garnica 0-0: Foul Ball, location: 2F
0-1: Swinging Strike
0-2: Strikes out swinging
Batting: LHB Jeremy Robertson 0-0: SINGLE (Groundball, 4D, EV 101.2 MPH)
Batting: RHB Chris Christaldi 0-0: Called Strike
0-1: Ball
Jeremy Robertson steals 2nd base (no throw)
1-1: Intentional Walk
Batting: LHB William Matthews 0-0: Called Strike
0-1: Foul Ball, location: 2F
0-2: Ball
1-2: Ball
2-2: Foul Ball, location: 2F
2-2: Foul Ball, location: 2F
2-2: Ball
3-2: Foul Ball, location: 2F
3-2: Base on Balls
Jeremy Robertson to third
Chris Christaldi to second
Pitching: LHP Tyler Portier
Batting: RHB Cortez Restrepo 0-0: Grounds into fielders choice 4-2 (Groundball, 4, EV 81.2 MPH)
Chris Christaldi to third
William Matthews to second
Batting: RHB Emanuel Estrada 0-0: Called Strike
0-1: Called Strike
0-2: Ball
1-2: Ball
2-2: Fielders Choice at 2nd, 6-4 (Groundball, 56, EV 96.9 MPH)
Top of the 9th over - 0 runs, 1 hit, 0 errors, 3 left on base; Billings 3 - Danville 3
BOTTOM OF THE 9TH
Danville Braves batting - Pitching for Billings Mustangs : RHP Matt Knowles
Pitching: RHP Jeff Buchanan
Batting: SHB Karl Starnes 0-0: SOLO HOME RUN (Flyball, 8RXD, EV 116.9 MPH), Distance : 468 ft
Bottom of the 9th over - 1 run, 1 hit, 0 errors, 0 left on base; Billings 3 - Danville 4
Thursday, December 15th , 2022 - OOTP Baseball 23.9 Build 102